[ PARTIDA AOE2 · #462200042 ]
UnrankedTurcos vs None
Equipo del jugador · DERR
Equipo rival · VICT
[ ANÁLISIS DE REPETICIÓN · EXTRAÍDO DE LA PARTIDA GRABADA ]
Feudal
—
Castillos
—
Imperial
—
| APM promedio | 27.1 |
| APM pico | 48 |
| eAPM promedio | 12.5 |
| Aldeanos / militares | 0 / 461 |
Foco
⚔️ 92.8% · 🌾 7.2%
Camel Scout ×461
Feudal
—
Castillos
—
Imperial
—
| APM promedio | 24.9 |
| APM pico | 47 |
| eAPM promedio | 20.0 |
| Aldeanos / militares | 0 / 734 |
Foco
⚔️ 96.6% · 🌾 3.4%
Knight ×565 · Archer ×169
Feudal
—
Castillos
—
Imperial
—
| APM promedio | 73.6 |
| APM pico | 159 |
| eAPM promedio | 37.2 |
| Aldeanos / militares | 0 / 632 |
Foco
⚔️ 96.7% · 🌾 3.3%
Camel Scout ×415 · Cavalry Archer ×217
Feudal
—
Castillos
—
Imperial
—
| APM promedio | 48.3 |
| APM pico | 82 |
| eAPM promedio | 16.2 |
| Aldeanos / militares | 0 / 624 |
Foco
⚔️ 97.1% · 🌾 2.9%
Camel Scout ×388 · Cavalry Archer ×236
Feudal
—
Castillos
—
Imperial
—
| APM promedio | 31.0 |
| APM pico | 58 |
| eAPM promedio | 9.5 |
| Aldeanos / militares | 0 / 190 |
Foco
⚔️ 98.4% · 🌾 1.6%
Camel Scout ×190
Feudal
—
Castillos
—
Imperial
—
| APM promedio | 10.1 |
| APM pico | 38 |
| eAPM promedio | 3.5 |
| Aldeanos / militares | 0 / 0 |
Foco
⚔️ 98.3% · 🌾 1.7%
Feudal
—
Castillos
—
Imperial
—
| APM promedio | 42.2 |
| APM pico | 109 |
| eAPM promedio | 15.4 |
| Aldeanos / militares | 0 / 370 |
Foco
⚔️ 96.8% · 🌾 3.2%
Battle Elephant ×188 · Elephant Archer ×182
Feudal
—
Castillos
—
Imperial
—
| APM promedio | 69.7 |
| APM pico | 128 |
| eAPM promedio | 14.4 |
| Aldeanos / militares | 0 / 136 |
Foco
⚔️ 92.3% · 🌾 7.7%
Knight ×90 · Cavalry Archer ×46
Mapa de la partida
Recursos iniciales + cada clic de construcción. Líneas = muros · curvas = relieve. ◆ oro · ⬟ piedra · ● bayas · ✦ reliquia · ◌ hueco del cierre
Tu base· ✓ Separados por el mapa
Base de xpentanx· Abierta — flanco sin cerrar
Base de Carne Asada Burrito· Abierta — flanco sin cerrar
Base de CKC8· ✓ Separados por el mapa
Base de CubanCharles· Abierta — flanco sin cerrar
Base de [B] Richard· Abierta
Base de GonzaloZX· Abierta
Base de Newzell· Abierta
Terreno inicial suavizado · ◌ = hueco del cierre detectado · pasá el cursor para detalles
Inputs por minuto
— ♡AShyBunny♡ - - xpentanx
Build order — ♡AShyBunny♡
150 acciones detectadas en el replay
| 6:36 | Construir | Stone Wall |
| 6:42 | Construir | Stone Wall |
| 6:52 | Construir | Stone Wall |
| 7:03 | Construir | Stable |
| 7:09 | Construir | Stone Wall |
| 8:08 | Construir | Stable |
| 8:09 | Construir | Stable |
| 8:10 | Construir | Stable |
| 8:11 | Construir | Stable |
| 8:12 | Construir | Stable |
| 8:14 | Construir | Stable |
| 8:15 | Construir | Stable |
| 8:24 | Construir | Stone Wall |
| 11:40 | Construir | Stone Wall |
| 11:49 | Construir | Stable |
| 11:50 | Construir | Stable |
| 11:52 | Construir | Stable |
| 11:53 | Construir | Stable |
| 11:55 | Construir | Stable |
| 11:57 | Construir | Stable |
| 11:59 | Construir | Stable |
| 12:00 | Construir | Stable |
| 15:27 | Construir | Stone Wall |
| 16:05 | Construir | Stable |
| 16:08 | Construir | Stable |
| 16:10 | Construir | Stable |
| 16:12 | Construir | Stable |
| 17:41 | Construir | Stable |
| 17:43 | Construir | Stable |
| 17:44 | Construir | Stable |
| 17:46 | Construir | Stable |
| 18:01 | Construir | Stable |
| 18:04 | Construir | Stable |
| 19:24 | Investigar | Bloodlines |
| 19:40 | Investigar | Husbandry |
| 19:40 | Crear | Camel Scout ×5 |
| 19:41 | Crear | Camel Scout ×5 |
| 19:41 | Crear | Camel Scout ×5 |
| 19:41 | Crear | Camel Scout ×5 |
| 19:42 | Crear | Camel Scout ×5 |
| 19:42 | Crear | Camel Scout ×5 |
| 19:57 | Crear | Camel Scout ×5 |
| 19:57 | Crear | Camel Scout ×5 |
| 19:58 | Crear | Camel Scout ×5 |
| 19:58 | Crear | Camel Scout ×5 |
| 19:58 | Crear | Camel Scout ×5 |
| 19:59 | Crear | Camel Scout ×5 |
| 19:59 | Crear | Camel Scout ×5 |
| 20:00 | Crear | Camel Scout ×5 |
| 20:00 | Crear | Camel Scout ×5 |
| 20:00 | Crear | Camel Scout ×5 |
| 20:14 | Crear | Camel Scout ×5 |
| 20:14 | Crear | Camel Scout ×5 |
| 20:15 | Crear | Camel Scout ×5 |
| 20:15 | Crear | Camel Scout ×5 |
| 20:15 | Crear | Camel Scout ×5 |
| 20:17 | Investigar | Sipahi |
| 20:22 | Investigar | Iron Casting |
| 20:22 | Investigar | Chain Barding Armor |
| 20:23 | Investigar | Chain Mail Armor |
| 20:23 | Investigar | Bodkin Arrow |
| 20:24 | Investigar | Leather Archer Armor |
| 20:26 | Investigar | Ballistics |
| 20:26 | Investigar | Treadmill Crane |
| 20:27 | Investigar | Guard Tower (upgrade) |
| 20:27 | Investigar | Tech 909 |
| 20:28 | Investigar | Tech 908 |
| 20:28 | Investigar | Careening |
| 20:47 | Crear | Camel Scout ×5 |
| 20:48 | Crear | Camel Scout ×5 |
| 20:48 | Crear | Camel Scout |
| 21:02 | Construir | Stable |
| 21:10 | Crear | Camel Scout ×5 |
| 21:10 | Crear | Camel Scout ×5 |
| 21:10 | Crear | Camel Scout ×5 |
| 21:25 | Crear | Camel Scout ×3 |
| 21:25 | Crear | Camel Scout ×3 |
| 21:26 | Crear | Camel Scout ×3 |
| 21:50 | Crear | Camel Scout |
| 21:50 | Crear | Camel Scout |
| 21:51 | Crear | Camel Scout ×2 |
| 21:51 | Crear | Camel Scout ×2 |
| 22:01 | Construir | Stable |
| 22:03 | Construir | Stable |
| 22:09 | Crear | Camel Scout ×5 |
| 22:10 | Crear | Camel Scout ×5 |
| 22:10 | Crear | Camel Scout ×5 |
| 22:11 | Crear | Camel Scout ×5 |
| 22:11 | Crear | Camel Scout ×5 |
| 22:11 | Crear | Camel Scout ×5 |
| 22:12 | Crear | Camel Scout ×5 |
| 22:12 | Crear | Camel Scout ×5 |
| 22:12 | Crear | Camel Scout ×5 |
| 22:13 | Crear | Camel Scout ×5 |
| 22:13 | Crear | Camel Scout ×5 |
| 22:13 | Crear | Camel Scout ×5 |
| 22:14 | Crear | Camel Scout ×5 |
| 22:19 | Crear | Camel Scout ×3 |
| 22:19 | Crear | Camel Scout ×3 |
| 22:29 | Crear | Camel Scout ×5 |
| 22:29 | Crear | Camel Scout ×5 |
| 22:29 | Crear | Camel Scout ×5 |
| 22:30 | Crear | Camel Scout ×5 |
| 22:30 | Crear | Camel Scout ×5 |
| 22:31 | Crear | Camel Scout ×5 |
| 22:31 | Crear | Camel Scout ×5 |
| 22:31 | Crear | Camel Scout ×5 |
| 22:32 | Crear | Camel Scout ×5 |
| 22:32 | Crear | Camel Scout ×5 |
| 22:33 | Crear | Camel Scout ×5 |
| 22:33 | Crear | Camel Scout ×5 |
| 22:33 | Crear | Camel Scout ×5 |
| 22:34 | Crear | Camel Scout ×5 |
| 22:34 | Crear | Camel Scout ×5 |
| 22:35 | Crear | Camel Scout ×5 |
| 22:35 | Crear | Camel Scout ×5 |
| 22:35 | Crear | Camel Scout ×5 |
| 22:36 | Crear | Camel Scout ×5 |
| 22:36 | Crear | Camel Scout ×5 |
| 23:02 | Crear | Camel Scout ×5 |
| 23:03 | Crear | Camel Scout ×5 |
| 23:03 | Crear | Camel Scout ×5 |
| 23:04 | Crear | Camel Scout ×5 |
| 23:04 | Crear | Camel Scout ×5 |
| 23:05 | Crear | Camel Scout ×5 |
| 23:05 | Crear | Camel Scout ×5 |
| 23:05 | Crear | Camel Scout ×5 |
| 23:06 | Crear | Camel Scout ×5 |
| 23:06 | Crear | Camel Scout ×5 |
| 23:30 | Crear | Camel Scout ×5 |
| 23:30 | Crear | Camel Scout ×5 |
| 23:31 | Crear | Camel Scout ×4 |
| 23:50 | Crear | Camel Scout ×5 |
| 23:50 | Crear | Camel Scout ×5 |
| 23:50 | Crear | Camel Scout ×5 |
| 23:51 | Crear | Camel Scout ×5 |
| 23:51 | Crear | Camel Scout ×5 |
| 23:52 | Crear | Camel Scout ×5 |
| 23:52 | Crear | Camel Scout ×5 |
| 23:52 | Crear | Camel Scout ×5 |
| 23:53 | Crear | Camel Scout ×5 |
| 23:53 | Crear | Camel Scout ×5 |
| 23:53 | Crear | Camel Scout ×5 |
| 24:03 | Crear | Camel Scout ×5 |
| 24:03 | Crear | Camel Scout ×5 |
| 24:04 | Crear | Camel Scout ×5 |
| 24:04 | Crear | Camel Scout ×5 |
| 24:04 | Crear | Camel Scout ×5 |
| 24:18 | Construir | Stable |
| 24:19 | Construir | Stable |
Build order — xpentanx
Primeras 150 de 223 acciones detectadas
| 7:13 | Construir | Stable |
| 7:22 | Construir | Stable |
| 7:24 | Construir | Stable |
| 7:26 | Construir | Stable |
| 7:28 | Construir | Stable |
| 7:30 | Construir | Stable |
| 7:32 | Construir | Stable |
| 7:34 | Construir | Stable |
| 7:37 | Construir | Stable |
| 7:39 | Construir | Stable |
| 7:41 | Construir | Stable |
| 7:42 | Construir | Stable |
| 7:43 | Construir | Stable |
| 7:47 | Construir | Archery Range |
| 7:49 | Construir | Archery Range |
| 7:52 | Construir | Archery Range |
| 7:54 | Construir | Archery Range |
| 7:56 | Construir | Archery Range |
| 9:29 | Investigar | Bloodlines |
| 11:43 | Investigar | Bodkin Arrow |
| 11:44 | Investigar | Leather Archer Armor |
| 11:45 | Investigar | Chain Barding Armor |
| 11:47 | Investigar | Iron Casting |
| 11:51 | Investigar | Ballistics |
| 11:51 | Investigar | Guard Tower (upgrade) |
| 11:52 | Investigar | Tech 909 |
| 11:54 | Investigar | Tech 908 |
| 11:55 | Investigar | Careening |
| 12:03 | Investigar | Great Wall |
| 12:47 | Investigar | Husbandry |
| 12:54 | Investigar | Crossbowman (upgrade) |
| 14:46 | Construir | Stable |
| 15:22 | Crear | Knight ×5 |
| 15:22 | Crear | Knight ×5 |
| 15:23 | Crear | Knight ×5 |
| 15:23 | Crear | Knight ×5 |
| 15:23 | Crear | Knight ×5 |
| 15:24 | Crear | Knight ×5 |
| 15:24 | Crear | Knight ×5 |
| 15:25 | Crear | Knight ×5 |
| 15:25 | Crear | Knight ×5 |
| 15:25 | Crear | Knight ×5 |
| 15:26 | Crear | Knight ×5 |
| 15:26 | Crear | Knight ×5 |
| 15:27 | Crear | Knight ×5 |
| 15:27 | Crear | Knight ×5 |
| 15:27 | Crear | Knight ×5 |
| 15:50 | Crear | Archer ×5 |
| 15:50 | Crear | Archer ×5 |
| 15:51 | Crear | Archer ×5 |
| 15:51 | Crear | Archer ×5 |
| 15:51 | Crear | Archer ×5 |
| 15:52 | Crear | Archer ×5 |
| 15:52 | Crear | Archer ×5 |
| 15:53 | Crear | Archer ×5 |
| 15:53 | Crear | Archer ×5 |
| 17:05 | Crear | Knight ×5 |
| 17:06 | Crear | Knight ×5 |
| 17:06 | Crear | Knight ×5 |
| 17:06 | Crear | Knight ×5 |
| 17:07 | Crear | Knight ×5 |
| 17:07 | Crear | Knight ×5 |
| 17:08 | Crear | Knight ×5 |
| 17:08 | Crear | Knight ×5 |
| 17:08 | Crear | Knight ×5 |
| 17:09 | Crear | Knight ×5 |
| 17:09 | Crear | Knight ×5 |
| 17:10 | Crear | Knight ×5 |
| 17:25 | Crear | Knight ×5 |
| 18:09 | Crear | Knight ×5 |
| 18:09 | Crear | Knight ×5 |
| 18:09 | Crear | Knight ×5 |
| 18:10 | Crear | Knight ×5 |
| 18:10 | Crear | Knight ×5 |
| 18:11 | Crear | Knight ×5 |
| 18:11 | Crear | Knight ×5 |
| 18:12 | Crear | Knight ×5 |
| 18:12 | Crear | Knight |
| 18:22 | Construir | Stable |
| 18:24 | Construir | Stable |
| 18:26 | Construir | Stable |
| 18:31 | Construir | Stable |
| 18:34 | Construir | Stable |
| 18:40 | Construir | Archery Range |
| 18:42 | Construir | Archery Range |
| 18:49 | Construir | Stable |
| 18:51 | Construir | Stable |
| 18:53 | Construir | Stable |
| 18:54 | Construir | Stable |
| 18:56 | Construir | Stable |
| 18:58 | Construir | Stable |
| 19:03 | Construir | Stable |
| 19:05 | Construir | Stable |
| 19:08 | Construir | Stable |
| 19:10 | Construir | Stable |
| 19:11 | Construir | Stable |
| 19:13 | Construir | Stable |
| 19:16 | Construir | Stable |
| 19:17 | Construir | Stable |
| 19:19 | Construir | Stable |
| 19:24 | Construir | Stable |
| 19:29 | Construir | Stable |
| 19:31 | Construir | Stable |
| 19:33 | Construir | Stable |
| 19:36 | Construir | Stable |
| 20:23 | Crear | Knight ×5 |
| 20:23 | Crear | Knight ×5 |
| 20:23 | Crear | Knight ×5 |
| 20:24 | Crear | Knight ×5 |
| 20:24 | Crear | Knight ×5 |
| 20:25 | Crear | Knight ×5 |
| 20:25 | Crear | Knight ×5 |
| 20:26 | Crear | Knight ×5 |
| 20:26 | Crear | Knight ×5 |
| 20:26 | Crear | Knight ×5 |
| 20:27 | Crear | Knight ×5 |
| 20:27 | Crear | Knight ×5 |
| 20:28 | Crear | Knight ×5 |
| 20:28 | Crear | Knight ×5 |
| 20:29 | Crear | Knight ×5 |
| 20:29 | Crear | Knight ×5 |
| 20:29 | Crear | Knight ×5 |
| 20:30 | Crear | Knight ×5 |
| 20:34 | Crear | Archer ×5 |
| 20:35 | Crear | Archer ×5 |
| 20:35 | Crear | Archer ×5 |
| 20:36 | Crear | Archer ×5 |
| 20:36 | Crear | Archer ×5 |
| 20:36 | Crear | Archer ×5 |
| 20:37 | Crear | Archer ×5 |
| 20:37 | Crear | Archer ×5 |
| 20:38 | Crear | Archer ×5 |
| 20:38 | Crear | Archer ×5 |
| 20:39 | Crear | Archer ×5 |
| 20:39 | Crear | Archer ×5 |
| 21:34 | Crear | Knight ×5 |
| 21:34 | Crear | Knight ×5 |
| 21:35 | Crear | Knight ×5 |
| 21:35 | Crear | Knight ×5 |
| 21:36 | Crear | Knight ×5 |
| 21:36 | Crear | Knight ×5 |
| 21:36 | Crear | Knight ×5 |
| 21:37 | Crear | Knight ×5 |
| 21:37 | Crear | Knight ×5 |
| 21:38 | Crear | Knight ×5 |
| 21:38 | Crear | Knight ×5 |
| 21:38 | Crear | Knight ×4 |
| 21:39 | Crear | Knight ×2 |
| 22:17 | Crear | Knight ×5 |
| 22:17 | Crear | Knight ×5 |
Build order — Carne Asada Burrito
Primeras 150 de 179 acciones detectadas
| 7:01 | Construir | Stable |
| 7:01 | Construir | Stable |
| 7:02 | Construir | Stable |
| 7:02 | Construir | Stable |
| 7:03 | Construir | Stable |
| 7:03 | Construir | Stable |
| 7:05 | Construir | Stable |
| 7:06 | Construir | Stable |
| 7:10 | Construir | Stable |
| 7:23 | Construir | Stable |
| 7:24 | Construir | Archery Range |
| 7:25 | Construir | Archery Range |
| 7:26 | Construir | Archery Range |
| 7:28 | Construir | Archery Range |
| 8:22 | Construir | Archery Range |
| 8:24 | Construir | Archery Range |
| 8:25 | Construir | Stable |
| 9:15 | Construir | Archery Range |
| 9:17 | Construir | Stable |
| 9:18 | Construir | Archery Range |
| 9:19 | Construir | Archery Range |
| 9:22 | Construir | Stable |
| 9:42 | Investigar | Bodkin Arrow |
| 9:42 | Investigar | Leather Archer Armor |
| 9:42 | Investigar | Iron Casting |
| 9:42 | Investigar | Chain Mail Armor |
| 9:42 | Investigar | Chain Barding Armor |
| 9:45 | Investigar | Thumb Ring |
| 9:46 | Crear | Cavalry Archer ×5 |
| 9:47 | Crear | Cavalry Archer ×5 |
| 9:47 | Crear | Cavalry Archer ×5 |
| 9:47 | Crear | Cavalry Archer ×5 |
| 9:48 | Crear | Cavalry Archer ×5 |
| 9:49 | Investigar | Husbandry |
| 10:05 | Crear | Camel Scout ×5 |
| 10:05 | Crear | Camel Scout ×5 |
| 10:30 | Crear | Camel Scout ×5 |
| 10:30 | Crear | Camel Scout ×5 |
| 10:30 | Crear | Camel Scout ×5 |
| 10:37 | Crear | Cavalry Archer ×5 |
| 10:38 | Crear | Cavalry Archer ×5 |
| 10:49 | Construir | Barracks |
| 11:10 | Crear | Cavalry Archer ×5 |
| 11:11 | Crear | Cavalry Archer ×5 |
| 11:43 | Crear | Cavalry Archer ×5 |
| 11:44 | Crear | Cavalry Archer ×5 |
| 12:02 | Crear | Cavalry Archer ×5 |
| 12:02 | Crear | Cavalry Archer ×5 |
| 12:03 | Crear | Cavalry Archer ×5 |
| 12:03 | Crear | Cavalry Archer ×5 |
| 12:25 | Crear | Camel Scout ×5 |
| 12:25 | Crear | Camel Scout ×5 |
| 12:25 | Crear | Camel Scout ×5 |
| 12:26 | Crear | Camel Scout ×5 |
| 12:29 | Investigar | Arson |
| 12:35 | Crear | Camel Scout ×5 |
| 12:36 | Crear | Camel Scout ×5 |
| 12:47 | Crear | Cavalry Archer ×4 |
| 12:47 | Crear | Cavalry Archer ×4 |
| 12:47 | Crear | Cavalry Archer ×4 |
| 12:52 | Crear | Camel Scout ×5 |
| 12:52 | Crear | Camel Scout ×5 |
| 13:41 | Crear | Camel Scout ×5 |
| 13:41 | Crear | Camel Scout ×5 |
| 13:42 | Crear | Camel Scout ×5 |
| 13:44 | Crear | Cavalry Archer ×5 |
| 13:44 | Crear | Cavalry Archer ×5 |
| 13:44 | Crear | Cavalry Archer ×5 |
| 13:44 | Crear | Cavalry Archer ×5 |
| 14:01 | Crear | Camel Scout ×5 |
| 14:01 | Crear | Camel Scout ×5 |
| 14:02 | Crear | Camel Scout ×5 |
| 14:02 | Crear | Camel Scout ×5 |
| 14:02 | Crear | Camel Scout ×5 |
| 14:02 | Crear | Camel Scout ×5 |
| 14:03 | Crear | Camel Scout ×5 |
| 14:08 | Construir | Archery Range |
| 14:09 | Construir | Archery Range |
| 14:11 | Construir | Stable |
| 14:37 | Crear | Cavalry Archer ×5 |
| 14:38 | Crear | Cavalry Archer ×5 |
| 15:13 | Crear | Cavalry Archer ×5 |
| 15:13 | Crear | Cavalry Archer ×5 |
| 15:33 | Crear | Cavalry Archer ×5 |
| 15:33 | Crear | Cavalry Archer ×5 |
| 15:49 | Crear | Camel Scout ×5 |
| 15:49 | Crear | Camel Scout ×5 |
| 15:50 | Crear | Camel Scout ×5 |
| 15:50 | Crear | Camel Scout ×5 |
| 16:08 | Construir | Stone Wall |
| 16:40 | Crear | Cavalry Archer ×5 |
| 16:40 | Crear | Cavalry Archer ×5 |
| 17:08 | Crear | Cavalry Archer ×5 |
| 17:09 | Crear | Cavalry Archer ×5 |
| 17:09 | Crear | Cavalry Archer ×5 |
| 17:09 | Crear | Cavalry Archer ×5 |
| 17:10 | Crear | Cavalry Archer ×5 |
| 17:23 | Construir | Stable |
| 17:25 | Construir | Stable |
| 17:26 | Construir | Stable |
| 17:27 | Construir | Stable |
| 17:29 | Construir | Archery Range |
| 17:31 | Construir | Archery Range |
| 17:43 | Crear | Camel Scout ×5 |
| 17:44 | Crear | Camel Scout ×5 |
| 17:44 | Crear | Camel Scout ×5 |
| 17:44 | Crear | Camel Scout ×5 |
| 17:44 | Crear | Camel Scout ×5 |
| 17:45 | Crear | Camel Scout ×5 |
| 17:48 | Crear | Camel Scout ×5 |
| 17:48 | Crear | Camel Scout ×5 |
| 17:50 | Crear | Cavalry Archer ×5 |
| 17:50 | Crear | Cavalry Archer ×5 |
| 18:46 | Crear | Camel Scout ×5 |
| 18:46 | Crear | Camel Scout ×5 |
| 18:46 | Crear | Camel Scout ×5 |
| 18:51 | Crear | Camel Scout ×5 |
| 18:51 | Crear | Camel Scout ×5 |
| 19:02 | Crear | Camel Scout ×5 |
| 19:02 | Crear | Camel Scout ×5 |
| 19:02 | Crear | Camel Scout ×5 |
| 19:02 | Crear | Camel Scout ×5 |
| 19:03 | Crear | Camel Scout ×5 |
| 19:03 | Crear | Camel Scout ×5 |
| 19:03 | Crear | Camel Scout ×5 |
| 19:04 | Crear | Camel Scout ×5 |
| 19:04 | Crear | Camel Scout ×5 |
| 19:05 | Crear | Cavalry Archer ×5 |
| 19:06 | Crear | Cavalry Archer ×5 |
| 19:06 | Crear | Cavalry Archer ×5 |
| 20:17 | Crear | Camel Scout ×5 |
| 20:17 | Crear | Camel Scout ×5 |
| 20:18 | Crear | Camel Scout ×5 |
| 20:18 | Crear | Camel Scout ×5 |
| 20:18 | Crear | Camel Scout ×5 |
| 20:19 | Crear | Camel Scout ×5 |
| 20:52 | Investigar | Long Swordsman (upgrade) |
| 22:06 | Crear | Camel Scout ×5 |
| 22:06 | Crear | Camel Scout ×5 |
| 22:06 | Crear | Camel Scout ×5 |
| 22:06 | Crear | Camel Scout ×5 |
| 22:07 | Crear | Camel Scout ×5 |
| 22:12 | Construir | Stable |
| 22:13 | Construir | Stable |
| 22:15 | Construir | Archery Range |
| 22:16 | Construir | Stable |
| 22:18 | Construir | Stable |
| 22:19 | Construir | Archery Range |
| 22:32 | Construir | Archery Range |
| 22:34 | Construir | Archery Range |
Build order — CKC8
Primeras 150 de 181 acciones detectadas
| 9:57 | Construir | Archery Range |
| 9:58 | Construir | Barracks |
| 9:59 | Construir | Stable |
| 10:03 | Construir | Stable |
| 10:05 | Construir | Stable |
| 10:08 | Construir | Stable |
| 10:09 | Construir | Stable |
| 10:10 | Construir | Stable |
| 10:12 | Construir | Archery Range |
| 10:13 | Construir | Archery Range |
| 10:14 | Construir | Archery Range |
| 10:15 | Construir | Archery Range |
| 12:17 | Construir | Stable |
| 12:18 | Construir | Stable |
| 12:19 | Construir | Stable |
| 12:20 | Construir | Stable |
| 15:56 | Investigar | Chain Barding Armor |
| 15:56 | Investigar | Iron Casting |
| 15:56 | Investigar | Bodkin Arrow |
| 15:56 | Investigar | Leather Archer Armor |
| 15:56 | Investigar | Chain Mail Armor |
| 16:02 | Investigar | Husbandry |
| 16:03 | Investigar | Light Cavalry (upgrade) |
| 16:05 | Crear | Camel Scout ×5 |
| 16:05 | Crear | Camel Scout ×5 |
| 16:05 | Crear | Camel Scout ×5 |
| 16:06 | Crear | Camel Scout ×5 |
| 16:06 | Crear | Camel Scout ×5 |
| 16:06 | Crear | Camel Scout ×5 |
| 16:06 | Crear | Camel Scout ×5 |
| 16:07 | Crear | Camel Scout ×5 |
| 16:07 | Crear | Camel Scout ×5 |
| 16:07 | Crear | Camel Scout ×5 |
| 16:07 | Crear | Camel Scout ×5 |
| 16:08 | Crear | Camel Scout ×5 |
| 16:08 | Crear | Camel Scout ×5 |
| 16:08 | Crear | Camel Scout ×5 |
| 16:08 | Crear | Camel Scout ×5 |
| 16:09 | Crear | Camel Scout ×5 |
| 16:09 | Crear | Camel Scout ×5 |
| 16:09 | Crear | Camel Scout ×5 |
| 16:09 | Crear | Camel Scout ×5 |
| 16:10 | Crear | Camel Scout ×5 |
| 16:12 | Investigar | Thumb Ring |
| 16:12 | Investigar | Crossbowman (upgrade) |
| 16:12 | Investigar | Elite Skirmisher (upgrade) |
| 16:14 | Crear | Cavalry Archer ×5 |
| 16:15 | Crear | Cavalry Archer ×5 |
| 16:15 | Crear | Cavalry Archer ×5 |
| 16:15 | Crear | Cavalry Archer ×5 |
| 16:15 | Crear | Cavalry Archer ×5 |
| 16:16 | Crear | Cavalry Archer ×5 |
| 16:16 | Crear | Cavalry Archer ×5 |
| 16:16 | Crear | Cavalry Archer ×5 |
| 16:16 | Crear | Cavalry Archer ×5 |
| 16:17 | Crear | Cavalry Archer ×5 |
| 16:17 | Crear | Cavalry Archer ×5 |
| 16:17 | Crear | Cavalry Archer ×5 |
| 16:17 | Crear | Cavalry Archer ×2 |
| 16:21 | Investigar | Gambesons |
| 16:21 | Investigar | Squires |
| 16:22 | Investigar | Arson |
| 16:22 | Investigar | Long Swordsman (upgrade) |
| 16:22 | Investigar | Pikeman (upgrade) |
| 16:26 | Investigar | Ballistics |
| 16:26 | Investigar | Treadmill Crane |
| 16:28 | Investigar | Guard Tower (upgrade) |
| 16:28 | Investigar | Careening |
| 16:28 | Investigar | Tech 908 |
| 16:29 | Investigar | Tech 909 |
| 17:39 | Construir | Archery Range |
| 17:41 | Construir | Archery Range |
| 17:42 | Construir | Archery Range |
| 17:43 | Construir | Archery Range |
| 17:44 | Construir | Archery Range |
| 17:46 | Construir | Stable |
| 17:47 | Construir | Stable |
| 17:49 | Construir | Stable |
| 17:50 | Construir | Stable |
| 17:51 | Construir | Stable |
| 17:55 | Construir | Watch Tower |
| 18:08 | Crear | Cavalry Archer ×5 |
| 18:08 | Crear | Cavalry Archer ×5 |
| 18:08 | Crear | Cavalry Archer ×5 |
| 18:08 | Crear | Cavalry Archer ×5 |
| 18:09 | Crear | Cavalry Archer ×5 |
| 18:09 | Crear | Cavalry Archer ×5 |
| 18:11 | Crear | Cavalry Archer |
| 18:11 | Crear | Cavalry Archer |
| 18:14 | Crear | Camel Scout ×5 |
| 18:15 | Crear | Camel Scout ×5 |
| 18:15 | Crear | Camel Scout ×5 |
| 18:15 | Crear | Camel Scout ×5 |
| 18:15 | Crear | Camel Scout ×5 |
| 18:16 | Crear | Camel Scout ×5 |
| 18:16 | Crear | Camel Scout ×5 |
| 18:16 | Crear | Camel Scout ×5 |
| 18:16 | Crear | Camel Scout ×5 |
| 18:17 | Crear | Camel Scout ×5 |
| 18:17 | Crear | Camel Scout ×5 |
| 18:17 | Crear | Camel Scout ×5 |
| 18:17 | Crear | Camel Scout ×5 |
| 18:18 | Crear | Camel Scout ×5 |
| 18:18 | Crear | Camel Scout ×5 |
| 18:18 | Crear | Camel Scout ×5 |
| 18:18 | Crear | Camel Scout ×5 |
| 18:19 | Crear | Camel Scout ×5 |
| 18:19 | Crear | Camel Scout ×3 |
| 20:17 | Crear | Cavalry Archer ×5 |
| 20:18 | Crear | Cavalry Archer ×5 |
| 20:18 | Crear | Cavalry Archer ×5 |
| 20:18 | Crear | Cavalry Archer ×5 |
| 20:18 | Crear | Cavalry Archer ×5 |
| 20:19 | Crear | Cavalry Archer ×5 |
| 20:19 | Crear | Cavalry Archer ×5 |
| 20:19 | Crear | Cavalry Archer ×5 |
| 20:19 | Crear | Cavalry Archer ×5 |
| 20:20 | Crear | Cavalry Archer |
| 20:20 | Crear | Cavalry Archer |
| 20:26 | Crear | Camel Scout ×5 |
| 20:26 | Crear | Camel Scout ×5 |
| 20:26 | Crear | Camel Scout ×5 |
| 20:27 | Crear | Camel Scout ×5 |
| 20:27 | Crear | Camel Scout ×5 |
| 20:27 | Crear | Camel Scout ×5 |
| 20:27 | Crear | Camel Scout ×5 |
| 20:28 | Crear | Camel Scout ×5 |
| 20:28 | Crear | Camel Scout ×5 |
| 20:28 | Crear | Camel Scout ×5 |
| 20:28 | Crear | Camel Scout ×5 |
| 20:29 | Crear | Camel Scout ×5 |
| 20:29 | Crear | Camel Scout ×5 |
| 20:29 | Crear | Camel Scout ×5 |
| 20:29 | Crear | Camel Scout ×5 |
| 20:30 | Crear | Camel Scout ×5 |
| 20:30 | Crear | Camel Scout ×5 |
| 20:30 | Crear | Camel Scout ×5 |
| 20:30 | Crear | Camel Scout ×5 |
| 23:41 | Crear | Cavalry Archer ×5 |
| 23:41 | Crear | Cavalry Archer ×5 |
| 23:42 | Crear | Cavalry Archer ×5 |
| 23:42 | Crear | Cavalry Archer ×5 |
| 23:42 | Crear | Cavalry Archer ×5 |
| 23:42 | Crear | Cavalry Archer ×5 |
| 23:43 | Crear | Cavalry Archer ×5 |
| 23:43 | Crear | Cavalry Archer ×5 |
| 23:43 | Crear | Cavalry Archer ×5 |
| 23:43 | Crear | Cavalry Archer ×5 |
| 23:44 | Crear | Cavalry Archer ×5 |
| 23:44 | Crear | Cavalry Archer ×5 |
Build order — CubanCharles
81 acciones detectadas en el replay
| 15:59 | Construir | Archery Range |
| 16:00 | Construir | Archery Range |
| 16:02 | Construir | Archery Range |
| 16:03 | Construir | Archery Range |
| 16:04 | Construir | Archery Range |
| 16:13 | Construir | Stable |
| 16:14 | Construir | Stable |
| 16:16 | Construir | Stable |
| 16:18 | Construir | Stable |
| 16:19 | Construir | Stable |
| 16:19 | Construir | Stable |
| 20:54 | Construir | Stable |
| 20:55 | Construir | Stable |
| 20:57 | Construir | Stable |
| 20:58 | Construir | Stable |
| 21:00 | Construir | Stable |
| 21:01 | Construir | Stable |
| 23:04 | Investigar | Chain Mail Armor |
| 23:05 | Investigar | Chain Barding Armor |
| 23:05 | Investigar | Leather Archer Armor |
| 23:06 | Investigar | Leather Archer Armor |
| 23:09 | Investigar | Ballistics |
| 23:09 | Investigar | Treadmill Crane |
| 23:10 | Investigar | Guard Tower (upgrade) |
| 23:12 | Investigar | Bodkin Arrow |
| 23:17 | Investigar | Tigui |
| 23:17 | Investigar | Tigui |
| 23:19 | Investigar | Thumb Ring |
| 23:19 | Investigar | Thumb Ring |
| 23:20 | Investigar | Crossbowman (upgrade) |
| 23:20 | Investigar | Crossbowman (upgrade) |
| 23:24 | Investigar | Husbandry |
| 23:24 | Investigar | Bloodlines |
| 23:24 | Investigar | Bloodlines |
| 23:25 | Crear | Camel Scout ×5 |
| 23:25 | Crear | Camel Scout ×5 |
| 23:25 | Crear | Camel Scout ×5 |
| 23:26 | Crear | Camel Scout ×5 |
| 23:26 | Crear | Camel Scout ×5 |
| 23:26 | Crear | Camel Scout ×5 |
| 23:27 | Crear | Camel Scout ×5 |
| 23:27 | Crear | Camel Scout ×5 |
| 23:27 | Crear | Camel Scout ×5 |
| 23:27 | Crear | Camel Scout ×5 |
| 23:28 | Crear | Camel Scout ×5 |
| 23:28 | Crear | Camel Scout ×5 |
| 23:28 | Crear | Camel Scout ×5 |
| 23:28 | Crear | Camel Scout ×5 |
| 23:29 | Crear | Camel Scout ×5 |
| 23:29 | Crear | Camel Scout ×5 |
| 23:29 | Crear | Camel Scout ×5 |
| 23:29 | Crear | Camel Scout ×5 |
| 23:30 | Crear | Camel Scout ×5 |
| 23:30 | Crear | Camel Scout ×5 |
| 23:30 | Crear | Camel Scout ×5 |
| 23:31 | Crear | Camel Scout ×5 |
| 23:31 | Crear | Camel Scout ×5 |
| 23:31 | Crear | Camel Scout ×5 |
| 23:31 | Crear | Camel Scout ×5 |
| 23:32 | Crear | Camel Scout ×5 |
| 23:32 | Crear | Camel Scout ×5 |
| 23:32 | Crear | Camel Scout ×5 |
| 23:32 | Crear | Camel Scout ×3 |
| 24:01 | Crear | Camel Scout ×5 |
| 24:02 | Crear | Camel Scout ×5 |
| 24:02 | Crear | Camel Scout ×5 |
| 24:02 | Crear | Camel Scout ×5 |
| 24:02 | Crear | Camel Scout ×5 |
| 24:03 | Crear | Camel Scout ×5 |
| 24:03 | Crear | Camel Scout ×5 |
| 24:03 | Crear | Camel Scout ×5 |
| 24:03 | Crear | Camel Scout ×5 |
| 24:04 | Crear | Camel Scout ×2 |
| 24:42 | Construir | Stable |
| 24:43 | Construir | Stable |
| 24:45 | Construir | Stable |
| 25:19 | Construir | Archery Range |
| 25:20 | Construir | Archery Range |
| 25:28 | Construir | Stable |
| 25:31 | Construir | Stable |
| 25:33 | Construir | Stable |
Build order — [B] Richard
12 acciones detectadas en el replay
| 21:31 | Investigar | Yasama |
| 21:35 | Investigar | Bodkin Arrow |
| 21:35 | Investigar | Leather Archer Armor |
| 21:36 | Investigar | Iron Casting |
| 21:36 | Investigar | Chain Mail Armor |
| 21:36 | Investigar | Chain Barding Armor |
| 21:39 | Investigar | Treadmill Crane |
| 21:40 | Investigar | Ballistics |
| 21:42 | Investigar | Guard Tower (upgrade) |
| 21:42 | Investigar | Guard Tower (upgrade) |
| 22:20 | Investigar | Careening |
| 22:21 | Investigar | Tech 908 |
Build order — GonzaloZX
138 acciones detectadas en el replay
| 14:17 | Construir | Stable |
| 14:18 | Construir | Stable |
| 14:19 | Construir | Stable |
| 14:22 | Construir | Stable |
| 14:27 | Construir | Stable |
| 16:01 | Construir | Archery Range |
| 16:02 | Construir | Archery Range |
| 16:04 | Construir | Archery Range |
| 16:05 | Construir | Archery Range |
| 16:06 | Construir | Archery Range |
| 16:08 | Construir | Archery Range |
| 16:09 | Construir | Archery Range |
| 16:10 | Construir | Archery Range |
| 16:15 | Construir | Stable |
| 16:17 | Construir | Stable |
| 16:19 | Construir | Stable |
| 16:21 | Construir | Stable |
| 16:30 | Investigar | Bloodlines |
| 16:50 | Investigar | Chain Barding Armor |
| 16:51 | Investigar | Bodkin Arrow |
| 16:51 | Investigar | Leather Archer Armor |
| 16:52 | Investigar | Chain Mail Armor |
| 16:54 | Investigar | Ballistics |
| 16:54 | Investigar | Guard Tower (upgrade) |
| 16:55 | Investigar | Tech 909 |
| 16:55 | Investigar | Tech 908 |
| 16:56 | Investigar | Treadmill Crane |
| 16:59 | Investigar | Careening |
| 17:02 | Investigar | Husbandry |
| 17:02 | Investigar | Husbandry |
| 17:12 | Crear | Elephant Archer ×5 |
| 17:12 | Crear | Elephant Archer ×5 |
| 17:13 | Crear | Elephant Archer ×5 |
| 17:13 | Crear | Elephant Archer ×5 |
| 17:13 | Crear | Elephant Archer ×5 |
| 17:19 | Crear | Battle Elephant ×5 |
| 17:19 | Crear | Battle Elephant ×5 |
| 17:20 | Crear | Battle Elephant ×5 |
| 17:20 | Crear | Battle Elephant ×5 |
| 17:20 | Crear | Battle Elephant ×5 |
| 17:21 | Crear | Battle Elephant ×5 |
| 17:21 | Crear | Battle Elephant ×5 |
| 17:32 | Crear | Battle Elephant ×5 |
| 17:32 | Crear | Battle Elephant ×5 |
| 17:33 | Crear | Battle Elephant ×5 |
| 17:33 | Crear | Battle Elephant ×5 |
| 18:27 | Crear | Elephant Archer ×5 |
| 18:27 | Crear | Elephant Archer ×5 |
| 18:28 | Crear | Elephant Archer ×5 |
| 18:28 | Crear | Elephant Archer ×5 |
| 18:28 | Crear | Elephant Archer |
| 18:30 | Crear | Battle Elephant ×5 |
| 18:30 | Crear | Battle Elephant ×5 |
| 18:30 | Crear | Battle Elephant ×5 |
| 18:31 | Crear | Battle Elephant ×5 |
| 19:11 | Crear | Elephant Archer ×5 |
| 19:12 | Crear | Elephant Archer ×5 |
| 19:12 | Crear | Elephant Archer ×5 |
| 19:12 | Crear | Elephant Archer ×5 |
| 19:12 | Crear | Elephant Archer |
| 19:14 | Crear | Battle Elephant ×5 |
| 19:14 | Crear | Battle Elephant ×5 |
| 19:14 | Crear | Battle Elephant ×5 |
| 19:15 | Crear | Battle Elephant ×5 |
| 19:15 | Crear | Battle Elephant ×5 |
| 19:29 | Crear | Elephant Archer |
| 19:30 | Crear | Elephant Archer |
| 19:30 | Crear | Elephant Archer |
| 19:32 | Crear | Battle Elephant ×5 |
| 19:32 | Crear | Battle Elephant ×5 |
| 19:42 | Crear | Elephant Archer ×5 |
| 19:42 | Crear | Elephant Archer ×5 |
| 19:43 | Crear | Elephant Archer ×5 |
| 19:43 | Crear | Elephant Archer |
| 19:44 | Crear | Battle Elephant ×5 |
| 19:45 | Crear | Battle Elephant ×5 |
| 19:45 | Crear | Battle Elephant ×5 |
| 19:45 | Crear | Battle Elephant ×2 |
| 20:07 | Crear | Battle Elephant ×5 |
| 20:07 | Crear | Battle Elephant ×5 |
| 20:07 | Crear | Battle Elephant ×5 |
| 20:08 | Crear | Battle Elephant |
| 20:10 | Crear | Elephant Archer ×3 |
| 20:10 | Crear | Elephant Archer ×3 |
| 20:11 | Crear | Elephant Archer ×3 |
| 21:30 | Crear | Elephant Archer ×5 |
| 21:30 | Crear | Elephant Archer ×5 |
| 21:31 | Crear | Elephant Archer ×5 |
| 21:31 | Crear | Elephant Archer |
| 21:32 | Crear | Battle Elephant ×5 |
| 21:33 | Crear | Battle Elephant ×5 |
| 21:33 | Crear | Battle Elephant ×5 |
| 22:25 | Crear | Elephant Archer ×5 |
| 22:25 | Crear | Elephant Archer ×5 |
| 22:26 | Crear | Elephant Archer ×5 |
| 22:26 | Crear | Elephant Archer ×5 |
| 22:26 | Crear | Elephant Archer ×5 |
| 22:27 | Crear | Elephant Archer ×5 |
| 22:29 | Crear | Battle Elephant ×5 |
| 22:29 | Crear | Battle Elephant ×5 |
| 23:47 | Investigar | Elite Battle Elephant (upgrade) |
| 23:49 | Investigar | Spies/Treason |
| 23:50 | Investigar | Conscription |
| 23:50 | Investigar | Mahayana |
| 23:51 | Investigar | Elite Ratha (upgrade) |
| 23:55 | Investigar | Plate Barding Armor |
| 23:55 | Investigar | Blast Furnace |
| 23:56 | Investigar | Bracer |
| 23:57 | Investigar | Ring Archer Armor |
| 23:59 | Investigar | Keep (upgrade) |
| 24:00 | Investigar | Arrowslits |
| 24:01 | Investigar | Siege Engineers |
| 24:01 | Investigar | Dry Dock |
| 24:02 | Investigar | Tech 907 |
| 24:02 | Investigar | Shipwright |
| 24:28 | Construir | Archery Range |
| 24:29 | Construir | Archery Range |
| 24:30 | Construir | Archery Range |
| 24:32 | Construir | Archery Range |
| 24:34 | Construir | Stable |
| 24:35 | Construir | Stable |
| 24:37 | Construir | Stable |
| 24:37 | Construir | Stable |
| 24:57 | Investigar | Elite Elephant Archer (upgrade) |
| 24:58 | Investigar | Elite Elephant Archer (upgrade) |
| 25:14 | Crear | Elephant Archer ×5 |
| 25:14 | Crear | Elephant Archer ×5 |
| 25:15 | Crear | Elephant Archer ×5 |
| 25:15 | Crear | Elephant Archer ×5 |
| 25:15 | Crear | Elephant Archer ×5 |
| 25:16 | Crear | Elephant Archer ×5 |
| 25:16 | Crear | Elephant Archer ×5 |
| 25:16 | Crear | Elephant Archer ×5 |
| 25:17 | Crear | Elephant Archer |
| 25:18 | Crear | Battle Elephant ×5 |
| 25:18 | Crear | Battle Elephant ×5 |
| 25:19 | Crear | Battle Elephant ×5 |
| 25:19 | Crear | Battle Elephant ×5 |
Build order — Newzell
48 acciones detectadas en el replay
| 7:28 | Construir | Archery Range |
| 7:30 | Construir | Archery Range |
| 7:33 | Construir | Archery Range |
| 7:41 | Construir | Stable |
| 7:42 | Construir | Stable |
| 7:44 | Construir | Stable |
| 8:27 | Construir | Stone Wall |
| 9:09 | Construir | Stone Wall |
| 14:58 | Construir | Stable |
| 16:19 | Construir | Stable |
| 18:09 | Construir | Stable |
| 23:16 | Investigar | Husbandry |
| 23:26 | Investigar | Ballistics |
| 23:34 | Investigar | Bodkin Arrow |
| 23:35 | Investigar | Iron Casting |
| 23:35 | Investigar | Chain Mail Armor |
| 23:36 | Investigar | Leather Archer Armor |
| 23:46 | Investigar | Tech 455 |
| 23:54 | Crear | Knight ×5 |
| 23:54 | Crear | Knight ×5 |
| 23:54 | Crear | Knight ×5 |
| 23:54 | Crear | Knight ×5 |
| 24:09 | Crear | Cavalry Archer ×5 |
| 24:10 | Crear | Cavalry Archer ×5 |
| 24:10 | Crear | Cavalry Archer ×5 |
| 24:10 | Crear | Cavalry Archer ×5 |
| 24:11 | Crear | Cavalry Archer ×5 |
| 24:11 | Crear | Cavalry Archer ×5 |
| 24:11 | Crear | Cavalry Archer ×5 |
| 24:11 | Crear | Cavalry Archer ×5 |
| 24:47 | Construir | Archery Range |
| 24:55 | Crear | Cavalry Archer ×2 |
| 24:55 | Crear | Cavalry Archer ×2 |
| 24:56 | Crear | Cavalry Archer ×2 |
| 24:58 | Crear | Knight ×5 |
| 24:58 | Crear | Knight ×5 |
| 24:59 | Crear | Knight ×5 |
| 24:59 | Crear | Knight ×5 |
| 24:59 | Crear | Knight ×5 |
| 24:59 | Crear | Knight ×5 |
| 25:00 | Crear | Knight ×5 |
| 25:00 | Crear | Knight ×5 |
| 25:17 | Crear | Knight ×5 |
| 25:18 | Crear | Knight ×5 |
| 25:18 | Crear | Knight ×5 |
| 25:18 | Crear | Knight ×5 |
| 25:19 | Crear | Knight ×5 |
| 25:19 | Crear | Knight ×5 |
Cronología de la partida
| 6:36 | ♡AShyBunny♡ · wall_segment Stone Wall x3 |
| 6:42 | ♡AShyBunny♡ · wall_segment Stone Wall x1 |
| 6:52 | ♡AShyBunny♡ · wall_segment Stone Wall x3 |
| 7:01 | Carne Asada Burrito · first_building Stable |
| 7:03 | ♡AShyBunny♡ · first_building Stable |
| 7:09 | ♡AShyBunny♡ · wall_segment Stone Wall x4 |
| 7:13 | xpentanx · first_building Stable |
| 7:24 | Carne Asada Burrito · first_building Archery Range |
| 7:28 | Newzell · first_building Archery Range |
| 7:41 | Newzell · first_building Stable |
| 7:47 | xpentanx · first_building Archery Range |
| 8:24 | ♡AShyBunny♡ · wall_segment Stone Wall x9 |
| 8:27 | Newzell · wall_segment Stone Wall x4 |
| 9:09 | Newzell · wall_segment Stone Wall x8 |
| 9:57 | CKC8 · first_building Archery Range |
| 9:58 | CKC8 · first_building Barracks |
| 9:59 | CKC8 · first_building Stable |
| 10:49 | Carne Asada Burrito · first_building Barracks |
| 11:40 | ♡AShyBunny♡ · wall_segment Stone Wall x14 |
| 14:17 | GonzaloZX · first_building Stable |
| 15:27 | ♡AShyBunny♡ · wall_segment Stone Wall x13 |
| 15:59 | CubanCharles · first_building Archery Range |
| 16:01 | GonzaloZX · first_building Archery Range |
| 16:08 | Carne Asada Burrito · wall_segment Stone Wall x1 |
| 16:13 | CubanCharles · first_building Stable |
| 24:40 | ♡AShyBunny♡ · resign |
[ ANÁLISIS IA · 1 CRÉDITO ]
¿Qué pasó realmente en esta partida?
Wolo.gg analiza cada decisión: build order, eco, micro, errores típicos por bracket. Análisis personalizado por WhatsApp o Discord en 30 segundos.
Guía civ
Turcos
Perfil
Jugador #1229686